AoeStats
← 王爷

Hill Fort

503973460Analyzed
4v4 RM · 1mo ago on Sep 3, 2026· 49m 2s· 8 players
Game mode
Random Map
Map size
Large (8 player)
Population
200
Speed
Normal
Resources
Standard
Victory
Conquest
Starting age
Dark Age
Ending age
Imperial Age
RankedLock teamsTeams togetherTeam positionsShared explorationLock speedFull tech treeHidden civsTurbo modeCheats
Victory
Defeat
🇮🇩 Saracens · Indonesia
805
+10
🇮🇩 Malay · Indonesia
765
+12
🇮🇩 Slavs · Indonesia
760
+12
🇫🇷 Goths · France
740
+13
🇨🇳 Slavs · China
756
-15
🇨🇳 Italians · China
711
-13
🇨🇳 Franks · China
686
-12
🇨🇳 Mongols · China
535
-7
吃橘子么
2:32 Loom
20:10 Feudal Age
22:44 Wheelbarrow
22:55 Gold Mining
22:57 Stone Mining
24:34 Double-Bit Axe
29:21 Castle Age
30:57 Hand Cart
31:18 Gold Mining
32:05 Stone Shaft Mining
31:35 Horse Collar
33:53 Fletching
34:05 Heavy Plow
34:44 Gold Shaft Mining
38:34 Imperial Age
37:05 Town Watch
40:00 Conscription
39:01 Elite Mangudai
41:15 Bloodlines
41:06 Husbandry
41:20 Fortified Wall
41:16 Bodkin Arrow
42:06 Bracer
42:06 Padded Archer Armor
王爷
13:30 Feudal Age
15:04 Wheelbarrow
16:37 Double-Bit Axe
16:38 Horse Collar
23:32 Castle Age
24:57 Man-at-Arms
25:03 Light Cavalry
25:53 Bloodlines
25:44 Husbandry
25:58 Scale Barding Armor
25:55 Padded Archer Armor
25:46 Fletching
26:06 Forging
25:57 Scale Mail Armor
27:11 Bow Saw
26:54 Stone Mining
26:55 Gold Mining
27:09 Heavy Plow
30:01 Hand Cart
35:53 Imperial Age
33:20 Loom
35:24 Detinets
36:07 Gold Shaft Mining
36:10 Iron Casting
35:30 Bodkin Arrow
35:50 Leather Archer Armor
35:51 Chain Mail Armor
42:14 Chemistry
41:34 Ballistics
41:31 Elite Boyar
42:56 Druzhina
43:36 Caravan
44:10 Coinage
44:20 Plate Mail Armor
44:52 Blast Furnace
44:23 Ring Archer Armor
44:13 Chain Barding Armor
43:59 Squires
Misaka Mikoto
9:33 Feudal Age
9:58 Double-Bit Axe
9:54 Horse Collar
18:10 Castle Age
17:47 Gold Mining
19:09 Loom
19:42 Fletching
19:52 Padded Archer Armor
21:22 Town Watch
22:51 Bow Saw
23:47 Wheelbarrow
24:37 Stone Mining
29:22 Imperial Age
27:12 Fervor
28:56 Hand Cart
29:52 Ballistics
30:23 Conscription
31:46 Chemistry
30:48 Bodkin Arrow
31:08 Leather Archer Armor
31:21 Town Patrol
31:15 Treadmill Crane
33:51 Pirotechnia
35:06 Thumb Ring
35:40 Heavy Plow
35:42 Elite Genoese Crossbowman
37:05 Bracer
38:22 Ring Archer Armor
38:04 Forging
37:54 Scale Mail Armor
37:43 Arson
精神老头
12:02 Feudal Age
17:29 Castle Age
16:01 Double-Bit Axe
18:12 Wheelbarrow
26:02 Gold Mining
26:03 Stone Mining
27:40 Forging
28:45 Bow Saw
30:28 Gold Shaft Mining
31:10 Hand Cart
31:15 Caravan
31:46 Coinage
31:44 Town Watch
33:32 Iron Casting
33:03 Scale Barding Armor
36:00 Imperial Age
33:16 Loom
35:43 Town Patrol
36:53 Chain Barding Armor
36:42 Husbandry
36:02 Cavalier
37:45 Banking
37:47 Chivalry
38:47 Paladin
40:46 Blast Furnace
40:22 Plate Barding Armor
41:49 Scale Mail Armor
47:14 Ballistics
47:54 Chemistry
47:06 Masonry
Lagi Gabut
0:44 Loom
18:11 Feudal Age
17:53 Fishing Lines
21:43 Horse Collar
21:50 Double-Bit Axe
27:08 Castle Age
28:18 Heavy Plow
28:31 Bow Saw
28:15 Gold Mining
28:15 Stone Mining
30:44 Gillnets
30:26 Man-at-Arms
36:24 Imperial Age
38:11 Forced Levy
39:08 Wheelbarrow
38:08 Long Swordsman
38:46 Two-Handed Swordsman
42:45 Chemistry
42:05 Ballistics
41:41 Murder Holes
41:52 Siege Engineers
41:58 Masonry
43:36 Hand Cart
42:59 Capped Ram
43:04 Onager
49:30 Forging
49:03 Treadmill Crane
49:37 Scale Barding Armor
48:58 Elite Battle Elephant
+62 | Farhan
13:46 Feudal Age
14:19 Horse Collar
14:28 Double-Bit Axe
15:44 Wheelbarrow
20:29 Castle Age
20:11 Stone Mining
20:14 Gold Mining
21:28 Hand Cart
25:17 Loom
27:13 Gold Shaft Mining
28:28 Bow Saw
31:15 Forging
31:11 Scale Barding Armor
33:00 Iron Casting
33:47 Heavy Plow
33:37 Town Watch
36:24 Imperial Age
36:05 Chain Barding Armor
37:40 Plate Barding Armor
38:06 Blast Furnace
37:36 Conscription
36:38 Elite Mameluke
37:27 Fletching
40:21 Ballistics
41:01 Chemistry
39:58 Murder Holes
marcopolo
1:11 Loom
11:51 Feudal Age
13:17 Double-Bit Axe
19:22 Castle Age
18:30 Stone Mining
18:31 Gold Mining
18:54 Forging
18:54 Fletching
18:51 Horse Collar
21:15 Gold Shaft Mining
28:41 Bodkin Arrow
28:47 Padded Archer Armor
37:03 Imperial Age
35:15 Wheelbarrow
34:57 Bloodlines
34:47 Husbandry
36:53 Leather Archer Armor
37:08 Caravan
37:11 Heavy Cavalry Archer
40:25 Chemistry
39:44 Fortified Wall
39:31 Murder Holes
40:11 Bow Saw
41:09 Light Cavalry
42:05 Elite Boyar
44:43 Ballistics
44:34 Masonry
45:08 Ring Archer Armor
44:43 Scale Barding Armor
45:14 Iron Casting
44:09 Crossbowman
50:01 Blast Furnace
49:21 Chain Barding Armor
50:12 Hoardings
atouminou
2:45 Loom
5:01 Loom
12:26 Feudal Age
13:15 Double-Bit Axe
13:17 Horse Collar
17:34 Wheelbarrow
20:59 Castle Age
19:12 Stone Mining
20:51 Forging
20:37 Gold Mining
22:20 Bow Saw
22:15 Heavy Plow
22:52 Stone Shaft Mining
26:37 Town Watch
27:45 Hand Cart
32:30 Town Patrol
36:22 Imperial Age
34:33 Iron Casting
35:38 Anarchy
35:58 Scale Mail Armor
37:38 Chain Mail Armor
38:23 Blast Furnace
37:36 Perfusion
37:58 Conscription
37:36 Murder Holes
38:02 Ballistics
37:54 Masonry
38:15 Fletching
38:29 Squires
37:54 Pikeman
38:48 Elite Huskarl
39:47 Halberdier
41:58 Architecture
43:07 Bodkin Arrow
44:38 Caravan
47:09 Bracer
47:10 Padded Archer Armor
48:14 Chemistry
Connection lost

Rejoining the realm…

Still unreachable

The connection could not be restored.

Session expired

The server has moved on; the page needs a fresh start.